 Dungeon Crawl Stone Soup version 0.21-a0-450-gd87a9b2 (webtiles) character file.

198 slep the Slasher (level 5, 0/42 HPs)
             Began as a Demonspawn Monk on Nov 20, 2017.
             Slain by a worker ant (3 damage)
             ... on level 4 of the Dungeon.
             The game lasted 00:11:27 (2839 turns).

slep the Slasher (Demonspawn Monk)                  Turns: 2839, Time: 00:11:27

Health: 0/42       AC:  5    Str: 13    XL:     5   Next: 47%
Magic:  5/5        EV: 14    Int: 11    God:
Gold:   192        SH:  0    Dex: 15    Spells: 4/4 levels left

rFire    . . .     SeeInvis .   a - +0 falchion
rCold    + + .     Gourm    .   (no shield)
rNeg     . . .     Faith    .   k - +0 robe (curse)
rPois    +         Spirit   .   (helmet restricted)
rElec    +         Reflect  .   (no cloak)
rCorr    +         Harm     .   v - +0 pair of gloves
MR       .....                  m - +1 pair of boots
Stlth    +.........             (no amulet)
HPRegen  0.14/turn              y - ring of ice
MPRegen  0.09/turn              w - ring of loudness (curse)

@: lethally poisoned (0 -> -10), resistant
A: antennae 2, claws 1, powered by death 1
a: no special abilities


You were on level 4 of the Dungeon.
You were hungry.

You visited 1 branch of the dungeon, and saw 4 of its levels.

You collected 192 gold pieces.

Inventory:

Hand Weapons
 a - a +0 falchion (weapon)
Missiles
 n - 23 sling bullets
 q - 6 poisoned needles
Armour
 b - a +0 robe
 k - a cursed +0 robe (worn)
 m - a +1 pair of boots (worn)
 p - a +0 leather armour
 t - a +0 scale mail
 v - a +0 pair of gloves (worn)
Jewellery
 l - an uncursed ring of flight
 w - a cursed ring of loudness (right hand)
 x - an uncursed ring of stealth
 y - a ring of ice (left hand)
Scrolls
 f - 2 scrolls of immolation {unknown}
 h - 4 scrolls of teleportation {unknown}
 i - 6 scrolls of identify {unknown}
 r - a scroll of random uselessness {unknown}
 s - 4 scrolls of magic mapping {unknown}
 u - a scroll of enchant weapon {unknown}
Potions
 d - a potion of ambrosia
 e - a potion of invisibility
 g - a potion of curing
 o - a potion of resistance
 z - a potion of might {unknown}
Comestibles
 c - 4 bread rations
 j - 3 royal jellies
 B - a meat ration


   Skills:
 + Level 3.8 Fighting
 + Level 4.1 Long Blades
 + Level 3.7 Dodging
 + Level 2.5 Stealth


You had 4 spell levels left.
You didn't know any spells.

Dungeon Overview and Level Annotations

Branches:
Dungeon (4/15)
 Temple: D:4-7

Altars:
Nemelex Xobeh
Sif Muna
Trog


Innate Abilities, Weirdness & Mutations

You have a pair of antennae on your head.
You have sharp fingernails.
You regenerate a little health from kills.


Message History

* * * LOW HITPOINT WARNING * * *
You are poisoned.
The worker ant poisons you!
You hit the worker ant.
The worker ant is moderately wounded.
You feel sick. The worker ant bites you.
* * * LOW HITPOINT WARNING * * *
You are lethally poisoned!
The worker ant poisons you! The worker ant misses you.
It was a potion of resistance.
You feel protected.
* * * LOW HITPOINT WARNING * * *
You feel sick. The worker ant barely misses you.
You riposte.
You hit the worker ant but do no damage.
The worker ant is moderately wounded.
You barely miss the worker ant.
The worker ant is moderately wounded.
* * * LOW HITPOINT WARNING * * *
You feel sick. The worker ant bites you.
You die...

.................
..(................
.......$...........
..8.....8..........
......†.†..........
##.###<...........
............(......
#######....a...!...
#....@.......
#............
#............
#............
#.(........#.
#######...## ...#
..##


You could see a worker ant.

Vanquished Creatures
  A crimson imp (D:2)
  A hound (D:4)
  An iguana (D:4)
  2 adders (D:2)
  An ooze (D:3)
  A dart slug (D:1)
  3 leopard geckos
  7 orcs (D:3)
  A ball python (D:2)
  2 giant cockroaches
  5 goblins
  11 hobgoblins
  6 jackals
  2 kobolds (D:1)
  2 quokkas (D:4)
  14 bats
  5 frilled lizards
  8 rats
73 creatures vanquished.

Notes
Turn   | Place    | Note
-------+----------+-------------------------------------------
     0 | D:1      | slep the Demonspawn Monk began the quest for the Orb.
     0 | D:1      | Reached XP level 1. HP: 18/18 MP: 1/1
   167 | D:1      | Gained mutation: You have sharp fingernails. [demonic ancestry]
   167 | D:1      | Reached XP level 2. HP: 14/24 MP: 2/2
   361 | D:1      | Reached skill level 3 in Long Blades
   658 | D:1      | Gained mutation: You have a pair of small antennae on your head. [demonic ancestry]
   658 | D:1      | Reached XP level 3. HP: 23/29 MP: 3/3
  1223 | D:2      | Gained mutation: You regenerate a little health from kills. [demonic ancestry]
  1223 | D:2      | Reached XP level 4. HP: 30/35 MP: 4/4
  1301 | D:2      | Found a bloodstained altar of Trog.
  1413 | D:2      | Found a sparkling altar of Nemelex Xobeh.
  1541 | D:2      | Found a deep blue altar of Sif Muna.
  2572 | D:3      | Gained mutation: You have a pair of antennae on your head. [demonic ancestry]
  2572 | D:3      | Reached XP level 5. HP: 33/42 MP: 5/5
  2809 | D:4      | Reached skill level 4 in Long Blades
  2839 | D:4      | Slain by a worker ant

Vault maps used:
D:1:      dpeg_arrival_tiny_c, minmay_surrounded
D:2:      lightli_temple_of_fire, lemuel_blue_sif_altar,
          kennysheep_decorative_pillar, nemelex_spade_bored_becter
D:3:      serial_co_window_serial, co_window_corner_a, co_window_cross_1,
          co_window_paths_a, co_window_paths_a, co_window_corner_a,
          co_window_cross_2, co_window_paths_c, co_window_unsneaky_path_a,
          co_window_of_opportunity_c, glass_columns_b, glass_columns_a,
          glass_columns_b, glass_columns_b, glass_columns_a
D:4:      cheibrodos_greedy_goblins, minmay_temple_entry_grid,
          nicolae_ossuary_entry_catacombs, st_stairs_1, minmay_misc_feat_iff,
          solitary_fountain, uniq_blork_the_orc, uniq_crazy_yiuf_cottage,
          uniq_grinder

Skill      XL: |  1  2  3  4  5 |
---------------+----------------+-----
Long Blades    | 3 4 |  4.1
Dodging        | 3 |  3.7
Stealth        | 2 |  2.5
Fighting       | |  3.8

Action                   |  1- 3 |  4- 6 || total
-------------------------+-------+-------++-------
Melee: Falchion          |   131 |   145 ||   276
  Use: Potion            |     2 |     1 ||     3
 Stab: Sleeping          |     5 |     1 ||     6
  Eat: Chunk             |     1 |     5 ||     6
Armor: Robe              |    16 |    44 ||    60
Dodge: Dodged            |    90 |   122 ||   212
       Rpst.: Falchion   |    31 |    41 ||    72

Table legend:
 A = Spawn XP
 B = Non-spawn XP
 C = Spawn XP percentage of total XP
 D = Spawn monster count
 E = Non-spawn monster count
 F = Spawn count percentage of total count
 G = Total turns spent on level
                    A         B        C        D         E        F      G
               +---------+---------+-------+---------+---------+-------+---------
         Total |       0 |     284 |   0.0 |       0 |      73 |   0.0 |  2839
               +---------+---------+-------+---------+---------+-------+---------
           D:1 |       0 |      59 |   0.0 |       0 |      34 |   0.0 |   989
           D:2 |       0 |      86 |   0.0 |       0 |       9 |   0.0 |   911
           D:3 |       0 |      55 |   0.0 |       0 |      24 |   0.0 |   899
           D:4 |       0 |      84 |   0.0 |       0 |       6 |   0.0 |    40
               +---------+---------+-------+---------+---------+-------+---------
